 Dungeon Crawl Stone Soup version 0.31-a0-354-g827e0957a7 (webtiles) character file.

Game seed: 15181076502841933780

8071 greasedhog the Grappler (level 11, -3/109 HPs)
             Began as a Troll Fighter on July 23, 2023.
             Was a Believer of Wu Jian.
             Slain by a two-headed ogre
             ... wielding a +0 giant club
              (22 damage)
             ... on level 8 of the Dungeon.
             The game lasted 00:12:28 (5978 turns).

greasedhog the Grappler (Troll Fighter)             Turns: 5978, Time: 00:12:28

Health: -3/109     AC:  8    Str: 32    XL:     11   Next: 5%
Magic:  10/10      EV: 10    Int:  8    God:    Wu Jian [**....]
Gold:   425        SH:  9    Dex:  9    Spells: 10/10 levels left

rFire   . .          .
                       - Unarmed
rCold   . . .        b - +0 kite shield
rNeg    . . .        y - +0 steam dragon scales
rPois   .            (helmet restricted)
rElec   .            z - +0 cloak
rCorr   .            (gloves unavailable)
SInv    +            (boots unavailable)
Will    .....        (no amulet)
Stlth   +            m - ring of see invisible
HPRegen 1.18/turn    B - +6 ring of strength
MPRegen 0.12/turn

%: no passive effects
@: no status effects
A: large, unfitting armour, claws 3, regeneration 1, shaggy fur 1, tough skin 1
a: Renounce Religion, Wall Jump


You were on level 8 of the Dungeon.
You worshipped Wu Jian.
Wu Jian was pleased with you.
You visited 2 branches of the dungeon, and saw 9 of its levels.

You collected 506 gold pieces.
You spent 81 gold pieces at shops.

Inventory:

Missiles
 q - 3 curare-tipped darts
 C - a boomerang of dispersal
 F - a throwing net
Armour
 b - a +0 kite shield (worn)
 y - +0 steam dragon scales (worn)
 z - a +0 cloak (worn)
Jewellery
 a - a +6 ring of strength
 m - a ring of see invisible (left claw)
 B - a +6 ring of strength (right claw)
Wands
 t - a wand of mindburst (7)
 A - a wand of flame (5)
Scrolls
 d - 2 scrolls of revelation
 f - 2 scrolls of teleportation
 g - 2 scrolls of brand weapon
 j - 2 scrolls of poison
 k - a scroll of fog
 n - a scroll of amnesia
 o - a scroll of fear
 r - a scroll of immolation
 w - a scroll of enchant armour
 D - a scroll of blinking
Potions
 c - 2 potions of might
 e - 2 potions of curing
 h - 3 potions of attraction
 i - a potion of mutation
 l - 3 potions of haste
 s - a potion of cancellation
 u - a potion of heal wounds {unknown}
 v - a potion of enlightenment {unknown}
 x - a potion of lignification {unknown}


   Skills:
 + Level 7.4 Fighting
 + Level 4.5 Dodging
 + Level 8.1 Shields
 * Level 11.9 Unarmed Combat


You had 10 spell levels left.
You didn't know any spells.
Your spell library contained the following spells:

 Spells                   Type           Power      Damage    Failure   Level
 Kiss of Death            Conj/Necr      0%         2d5       56%         1
 Shock                    Conj/Air       0%         1d3       56%         1
 Summon Small Mammal      Summ           0%         N/A       56%         1
 Momentum Strike          Conj/Tloc      0%         3d8       71%         2
 Confusing Touch          Hex            0%         N/A       91%         3
 Dazzling Flash           Conj/Hex       0%         N/A       91%         3
 Frozen Ramparts          Ice            0%         1d1       91%         3
 Portal Projectile        Hex/Tloc       0%         N/A       91%         3
 Swiftness                Air            0%         N/A       91%         3
 Tukima's Dance           Hex            0%         N/A       91%         3
 Vhi's Electric Charge    Tloc/Air       0%         N/A       91%         3
 Volatile Blastmotes      Fire/Tloc      0%         2d10      91%         3
 Airstrike                Air            0%         2d(0-16)  100%        4
 Dispel Undead            Necr           0%         3d6       100%        4
 Iskenderun's Mystic Bla  Conj/Tloc      0%         2d3       100%        4
 Petrify                  Tmut/Erth      0%         N/A       100%        4
 Summon Lightning Spire   Summ/Air       0%         N/A       100%        4
 Metabolic Englaciation   Hex/Ice        0%         N/A       100%        5
 Starburst                Conj/Fire      0%         6d3       100%        6
 Maxwell's Capacitive Co  Air            0%         ∞         100%        8


Dungeon Overview and Level Annotations

Branches:
Dungeon (8/15)             Temple (1/1) D:5
   Lair: D:8-11

Altars:
Ashenzari
Dithmenos
Elyvilon
Fedhas
Gozag
Hepliaklqana
Makhleb
Nemelex Xobeh
Okawaru
Qazlal
Ru
Sif Muna
Trog
Uskayaw
Vehumet
Wu Jian
Xom
Zin
The Shining One

Shops:
D:1 (   D:3 *

Annotations:
D:8 1 runed translucent door


Innate Abilities, Weirdness & Mutations

You are too large for most types of armour.
You have claws for hands.
Your natural rate of healing is unusually fast.
You are covered in fur. (AC +1)
You have tough skin. (AC +1)


Message History

The boomerang of dispersal hits the cyclops and shatters, but does no damage.
The cyclops throws a large rock.
You block the large rock.
Unknown command.
There's nothing to close nearby.
Throw: 2 boomerangs (disperse)
Press: ? - help, Shift-Dir - straight line, f/p - cyclops
Aim: a cyclops, quivering large rocks (84% to hit)
You throw a boomerang of dispersal.
The boomerang of dispersal completely misses the cyclops.
The boomerang of dispersal hits the two-headed ogre and shatters for extra damage!
The two-headed ogre blinks!
The cyclops throws a large rock.
You block the large rock.
Unknown command.
Throw: 4 darts (curare)
Press: ? - help, Shift-Dir - straight line, f/p - cyclops
Aim: a cyclops, quivering large rocks (84% to hit)
You throw a curare-tipped dart.
The curare-tipped dart hits the cyclops.
The cyclops is poisoned.
The cyclops convulses.
The cyclops seems to slow down.
The cyclops is moderately wounded.
The cyclops throws a large rock.
The large rock hits you!!
* * * LOW HITPOINT WARNING * * *
You scratch the cyclops but do no damage.
The cyclops is moderately wounded.
You claw the cyclops!
The cyclops is moderately wounded.
The cyclops hits you!
* * * LOW HITPOINT WARNING * * *
You barely miss the cyclops.
The cyclops is moderately wounded.
You feel better. You block the cyclops's attack.
You claw the cyclops!
The cyclops is heavily wounded.
You mangle the cyclops!!
You kill the cyclops!
The Council accepts your kill.
You mangle the two-headed ogre!!
The two-headed ogre is almost dead.
The two-headed ogre hits you with a +0 giant club!!
You die...

....#.##........#.#..####..##....
....#.####......#..####..####....
....##..####.....####..##.)##....
....####..####..###..##..####....
....##/###..#####..##..##..##....
....##...###..##.##..##.)####....
....##..HWl+....#####..##)(##....
....##..J###..###..####).####....
....##T###..####@....####).##....
....####..####)O###....####.#....
....##..####...)#....#...##.#....
....######....#.#..........##....
....# #....#...#.##..##.####....
....# ..#...#.#.##...######....
.?..####....#...##...####..##....
.......###....#.#..####..#.##....
....#....###....#####Oc###.##....


You could see a two-headed ogre.

Vanquished Creatures
  3 two-headed ogres (D:8)
  A centaur warrior (D:8)
  A cyclops (D:8)
  A hornet (D:8)
  A slime creature (D:8)
  A yak (D:8)
  2 wyverns (D:8)
  A steam dragon (D:7)
  Menkaure (D:4)
  A vampire mosquito (D:8)
  2 water moccasins
  An orc warrior (D:8)
  4 sky beasts
  5 black bears
  4 ogres
  6 centaurs
  2 phantoms (D:5)
  3 bullfrogs
  3 gnoll sergeants
  3 scorpions
  5 wights
  5 killer bees (D:8)
  4 howler monkeys
  3 jellies
  3 orc priests
  3 hounds
  5 iguanas
  A gnoll bouda (D:8)
  A sleepcap (D:7)
  6 orc wizards
  12 gnolls
  7 adders
  A white imp (D:5)
  5 worms
  2 dart slugs
  34 orcs
  12 ball pythons
  2 bats (D:2)
  7 endoplasms
  2 giant cockroaches (D:3)
  9 goblins
  8 hobgoblins
  9 kobolds
  4 quokkas
  A frilled lizard (D:1)
  4 rats
201 creatures vanquished.

Notes
Turn   | Place    | Note
-------+----------+-------------------------------------------
     0 | D:1      | greasedhog the Troll Fighter began the quest for the Orb.
     0 | D:1      | Reached XP level 1. HP: 22/22 MP: 0/0
   141 | D:1      | Reached XP level 2. HP: 29/29 MP: 1/1
   509 | D:1      | Found Ranwaown's Weapon Shoppe.
   533 | D:2      | Found an iron altar of Okawaru.
   547 | D:2      | Reached XP level 3. HP: 36/36 MP: 2/2
   564 | D:2      | Got Sif Muna's Essays on Unstable Companions
   571 | D:2      | Reached skill level 3 in Unarmed Combat
   801 | D:2      | Reached XP level 4. HP: 44/44 MP: 3/3
  1828 | D:3      | Found Toigg's General Store.
  1836 | D:3      | Bought a scroll of identify for 24 gold pieces
  1836 | D:3      | Bought 4 curare-tipped darts for 57 gold pieces
  2052 | D:4      | Noticed an ogre
  2057 | D:4      | Reached XP level 5. HP: 27/53 MP: 4/4
  2059 | D:4      | Killed an ogre
  2060 | D:4      | Reached skill level 4 in Unarmed Combat
  2126 | D:4      | Noticed Menkaure
  2130 | D:4      | Killed Menkaure
  2131 | D:4      | Reached skill level 5 in Unarmed Combat
  2131 | D:4      | Reached XP level 6. HP: 44/61 MP: 5/5
  2257 | D:4      | Noticed a water moccasin
  2266 | D:4      | Found a radiant altar of Vehumet.
  2269 | D:4      | Killed a water moccasin
  2270 | D:4      | Reached XP level 7. HP: 59/70 MP: 6/6
  2397 | D:5      | Entered Level 5 of the Dungeon
  2428 | D:5      | Reached skill level 6 in Unarmed Combat
  2457 | D:5      | Found a staircase to the Ecumenical Temple.
  2469 | Temple   | Entered the Ecumenical Temple
  2482 | Temple   | Became a worshipper of the Wu Jian Council
  2769 | D:5      | Noticed an angel
  2831 | D:5      | Reached skill level 5 in Shields
  2831 | D:5      | Reached XP level 8. HP: 65/79 MP: 7/7
  2861 | D:5      | Noticed a rust devil
  3153 | D:5      | Reached skill level 7 in Unarmed Combat
  3841 | D:6      | Reached skill level 5 in Fighting
  3857 | D:6      | Reached skill level 8 in Unarmed Combat
  4175 | D:7      | Reached * piety under Wu Jian
  4263 | D:7      | Reached XP level 9. HP: 75/88 MP: 8/8
  4505 | D:7      | Reached skill level 9 in Unarmed Combat
  5084 | D:8      | Reached skill level 10 in Unarmed Combat
  5117 | D:8      | Found a runed translucent door.
  5118 | D:8      | Noticed a troll
  5188 | D:8      | Reached ** piety under Wu Jian
  5247 | D:8      | Reached XP level 10. HP: 91/100 MP: 9/9
  5293 | D:8      | Noticed a two-headed ogre
  5331 | D:8      | Killed a two-headed ogre
  5626 | D:8      | Reached skill level 11 in Unarmed Combat
  5868 | D:8      | Noticed a harpy
  5932 | D:8      | Found the +13 scythe of Curses {drain, curses, Drain}
  5936 | D:8      | Noticed a centaur warrior
  5936 | D:8      | Noticed a two-headed ogre
  5936 | D:8      | Noticed a two-headed ogre
  5936 | D:8      | Noticed a cyclops
  5936 | D:8      | Noticed a two-headed ogre
  5959 | D:8      | Killed a two-headed ogre
  5959 | D:8      | Killed a two-headed ogre
  5959 | D:8      | Killed a centaur warrior
  5960 | D:8      | Reached XP level 11. HP: 38/109 MP: 10/10
  5978 | D:8      | Slain by a two-headed ogre

Illustrated notes

Levels and vault maps discovered:
D:1:      giann_forest_graveyard, layout_basic, serial_shops,
          nicolae_shop_behind_doors
D:2:      layout_basic, basic_altar, chequers_serial_rivers_marsh,
          minmay_split_cup_large
D:3:      layout_rooms, serial_shops, nicolae_shop_stone, serial_aquarium,
          aquarium_bridge_long_separate [aquarium_subvault_bridge,
          aquarium_subvault_bridge, aquarium_subvault_bridge,
          aquarium_subvault_window, aquarium_subvault_bridge,
          aquarium_subvault_window], aquarium_window_1, aquarium_window_corner,
          aquarium_window_3, aquarium_view_2d, aquarium_pool_2,
          serial_bayou_lake_a
D:4:      layout_rooms, minivault_26, grunt_decor_mini_mirrors,
          grunt_ministairs_9, minmay_ruined_shrine, uniq_menkaure
D:5:      layout_basic, temple_garden, minmay_misc_feat_diagonals
D:6:      layout_gridville, amethyst_killhole
D:7:      layout_cave_pools
D:8:      minmay_the_grid_triangle_9x9_rhombus_full
          [minmay_the_grid_triangle_9x9_cache,
          minmay_the_grid_triangle_9x9_stretched_checkered,
          minmay_the_grid_triangle_9x9_pentomino_pain,
          minmay_the_grid_triangle_9x9_empty,
          minmay_the_grid_triangle_9x9_subtriangle,
          minmay_the_grid_triangle_9x9_negative_grid,
          minmay_the_grid_triangle_9x9_swiss_cheese,
          minmay_the_grid_triangle_9x9_prize_top_heavy], layout_gridville,
          minmay_checkerbox
Temple:   nicolae_temple_bog_church

Skill      XL: |  1  2  3  4  5  6  7  8  9 10 |
---------------+-------------------------------+-----
Shields        | 3 4 5 6 7 8 |  8.1
Unarmed Combat | 3 5 6 8 10 11 | 11.9
Fighting       | 3 4 5 6 7 |  7.4
Dodging        | 4 |  4.5

Action                     |  1- 3 |  4- 6 |  7- 9 | 10-12 || total
---------------------------+-------+-------+-------+-------++-------
  Melee: Unarmed           |    96 |   122 |   258 |    80 ||   556
  Throw: Dart              |       |       |       |     3 ||     3
         Boomerang         |       |       |       |     2 ||     2
Ability: Lunge             |       |       |    16 |     2 ||    18
         Whirlwind         |       |       |     2 |     1 ||     3
    Use: Scroll            |       |     6 |     9 |     4 ||    19
         Potion            |       |     1 |       |     1 ||     2
   Stab: Sleeping          |       |       |     1 |       ||     1
 Armour: Robe              |    28 |    31 |    25 |       ||    84
         Steam dragon scal |       |       |    45 |    19 ||    64
  Dodge: Dodged            |    20 |    23 |    89 |    26 ||   158
  Block: Kite shield       |    29 |    29 |    78 |    31 ||   167

Table legend: (Time is in decaauts)
 A = Elapsed time spent in this place.
 B = Non-inter-level travel time spent in this place.
 C = Inter-level travel time spent in this place.
 D = Time resting spent in this place.
 E = Time spent auto-exploring this place.
 F = Levels seen in this place.
 G = Mean time per level.
                   A        B        C        D        E       F      G
               +--------+--------+--------+--------+--------+-----+--------+
         Total |   5969 |   5762 |    207 |    221 |   4240 |   9 |  663.2 |
       Dungeon |   5942 |   5760 |    182 |    221 |   4240 |   8 |  742.8 |
        Temple |     26 |      1 |     25 |      0 |      0 |   1 |   26.0 |
               +--------+--------+--------+--------+--------+-----+--------+

Top non-repeatable levels by time:
     D:8: 1179 daAuts
     D:5: 1102 daAuts
     D:2: 835 daAuts
     D:7: 638 daAuts
     D:6: 613 daAuts
     D:1: 537 daAuts
     D:3: 524 daAuts
     D:4: 510 daAuts
  Temple: 26 daAuts
